 Dungeon Crawl Stone Soup version 0.30-a0-728-gc68057be0a (webtiles) character file.

Game seed: 11996136969216929623

1461 DEFE the Cudgeller (level 8, -1/54 HPs)
             Began as a Demonspawn Wanderer on Jan 30, 2023.
             Was a Priest of Jiyva.
             Slain by an orc
             ... wielding a +0 club
              (2 damage)
             ... on level 7 of the Dungeon.
             The game lasted 00:04:01 (4517 turns).

DEFE the Cudgeller (Demonspawn Wanderer)            Turns: 4517, Time: 00:04:01

Health: -1/54      AC:  5    Str: 17    XL:     8   Next: 48%
Magic:  9/9        EV:  9    Int: 13    God:    Jiyva [***...]
Gold:   252        SH:  3    Dex: 11    Spells: 9/9 levels left

rFire   . . .      SeeInvis .    a - +2 hand axe
rCold   + . .      Faith    .    b - +0 buckler
rNeg    . . .      Spirit   .    p - +1 ring mail
rPois   .          Reflect  .    (no helmet)
rElec   .          Harm     .    (no cloak)
rCorr   +          Rampage  .    (no gloves)
Will    .....                    (no boots)
Stlth   +                        (no amulet)
HPRegen 1.41/turn                (no ring)
MPRegen 0.46/turn                (no ring)

@: no status effects
A: hooves 2, yellow scales 1, demonic magic 2, cold resistance 1, pseudopods 3
a: Renounce Religion, Oozemancy


You were on level 7 of the Dungeon.
You worshipped Jiyva.
Jiyva was most pleased with you.
You visited 2 branches of the dungeon, and saw 8 of its levels.

You collected 252 gold pieces.

Inventory:

Hand Weapons
 a - a +2 hand axe (weapon)
Missiles
 n - a throwing net (quivered)
Armour
 b - a +0 buckler (worn)
 d - a +0 leather armour
 p - a +1 ring mail (worn)
Jewellery
 t - a ring of magical power
Scrolls
 c - 2 scrolls of vulnerability
 f - 6 scrolls of identify
 g - a scroll of enchant armour
 h - a scroll of acquirement
 i - a scroll of noise {unknown}
 j - a scroll of immolation {unknown}
 r - a scroll of enchant weapon {unknown}
 u - a scroll of amnesia {unknown}
Potions
 e - 4 potions of haste {unknown}
 k - a potion of ambrosia {unknown}
 l - 2 potions of attraction {unknown}
 m - a potion of curing {unknown}
 o - a potion of berserk rage {unknown}
 q - a potion of degeneration {unknown}
 s - a potion of flight {unknown}
 v - a potion of brilliance {unknown}


   Skills:
 - Level 1.0 Fighting
 - Level 5.8(7.7) Axes
 + Level 7.9(8.8) Maces & Flails
 - Level 1.0 Throwing
 - Level 1.0 Armour
 - Level 1.0 Shields
 - Level 1.5 Unarmed Combat
 - Level 1.0 Spellcasting
 - Level 2.0 Conjurations


You had 9 spell levels left.
You didn't know any spells.
Your spell library contained the following spells:

 Spells                   Type           Power      Damage    Failure   Level
 Searing Ray              Conj           10%        2d4       43%         2
 Slow                     Hex            0%         N/A       56%         1
 Momentum Strike          Conj/Tloc      6%         3d8       56%         2
 Ensorcelled Hibernation  Hex/Ice        0%         N/A       71%         2
 Passwall                 Tmut/Erth      0%         N/A       71%         2
 Sublimation of Blood     Necr           0%         N/A       71%         2
 Confusing Touch          Hex            0%         N/A       91%         3
 Swiftness                Air            0%         N/A       91%         3
 Vampiric Draining        Necr           0%         2d6       91%         3
 Petrify                  Tmut/Erth      0%         N/A       100%        4
 Irradiate                Conj/Tmut      1%         3d12      100%        5
 Chain Lightning          Conj/Air       1%         3d2       100%        9
 Fire Storm               Conj/Fire      1%         8d1       100%        9
 Shatter                  Erth           0%         3d5*      100%        9


Dungeon Overview and Level Annotations

Branches:
Dungeon (7/15)             Temple (1/1) D:4

Altars:
Ashenzari
Cheibriados
Fedhas
Makhleb
Qazlal
Ru
Vehumet
Jiyva

Shops:
D:7 =

Annotations:
D:3 2 transporters, fly's ghost, weakling DgDe


Innate Abilities, Weirdness & Mutations

You have hoof-like feet.
You are partially covered in yellow scales. (AC +2)
Spells you cast may paralyse nearby enemies.
Your flesh is cold resistant. (rC+)
Armour fits poorly on your massive pseudopods.


Message History

It is a scroll of enchant armour.
Your +0 ring mail glows green for a moment.
The quasit gives a chilling moan.
The orc priest shouts!
The orc warrior barely misses you.
You regained 2 hp, and now have 29/54 hp.
As you read the scroll labelled ULEORE WAPT, it crumbles to dust.
It is a scroll of identify.
h - a scroll of acquirement The orc warrior barely misses you.
Something hits you but does no damage.
An orc wizard comes into view. It is wielding a +0 dagger.
The orc priest looks satisfied for a moment.
Something hits you.
Okay, then.
Okay, then.
Activating: Oozemancy (28% risk of failure)
Okay, then.
You barely miss something. You hit something but do no damage.
You slash the orc priest! You closely miss the orc warrior.
The orc warrior hits you with a +0 mace!
The orc priest barely misses you. You block something's attack.
You take 6 damage, and have 23/54 hp.
You hit something. Your kick misses something. You barely miss the orc.
You hit the orc priest. You miss something.
You hit the orc warrior but do no damage.
The orc warrior hits you with a +0 mace!
Something hits you but does no damage.
An orc warrior comes into view. It is wielding a +0 battleaxe.
The orc priest hits you with a +0 flail!
* * * LOW HITPOINT WARNING * * *
The orc hits you but does no damage.
You hear some strange, mumbled words.
A puff of flame appears from out of thin air!
The puff of flame hits you!
* * * LOW HITPOINT WARNING * * *
You take 22 damage, and have 1/54 hp.
MASSIVE DAMAGE!!
Okay, then.
Something completely misses you. The orc attacks as you move away!
The orc hits you with a +0 club.
You die...

##.#..............
.......####.....!..
.....####..........
...................
..#........∩$......
..#................
..#.[..............
......{{...........
.#..oo@†...=......
..o.o.oo...........
o..................
..:................
.<..........###.##
..?........... ..
........#####..
......### 55 ##


You could see 2 orc warriors, 3 orc priests, an orc wizard, 2 quasits and an
orc.

Vanquished Creatures
  A steam dragon (D:5)
  An orc warrior (D:7)
  A sky beast (D:7)
  An ice beast (D:7)
  2 black bears (D:6)
  An ogre (D:6)
  A phantom (D:4)
  Blork the orc (D:5)
  A bullfrog (D:7)
  A necrophage (D:6)
  A scorpion (D:5)
  A howler monkey (D:7)
  4 hounds
  2 iguanas
  4 orc wizards
  5 adders
  3 gnolls (D:2)
  A shadow imp (D:5)
  2 white imps
  3 ufetubi
  2 worms (D:2)
  2 dart slugs
  14 orcs
  5 ball pythons
  3 endoplasms
  A giant cockroach (D:3)
  4 goblins
  2 hobgoblins
  4 jackals (D:2)
  7 quokkas
  4 bats
  6 kobolds
  A rat (D:1)
92 creatures vanquished.

Vanquished Creatures (others)
  A bullfrog (D:6)
  6 jellies
  An adder (D:5)
  A shadow imp (D:6)
  A white imp (D:6)
  An endoplasm (D:4)
  4 orcs (D:6)
  2 plants (D:4)
17 creatures vanquished.

Grand Total: 109 creatures vanquished

Notes
Turn   | Place    | Note
-------+----------+-------------------------------------------
     0 | D:1      | DEFE the Demonspawn Wanderer began the quest for the Orb.
     0 | D:1      | DEFE set off with the following items: a +2 hand axe, a +0
                  | buckler, a scroll of vulnerability, a +0 leather armour;
                  | and the following spells available to memorise: Searing
                  | Ray, Momentum Strike.
     0 | D:1      | Reached XP level 1. HP: 15/15 MP: 2/2
    96 | D:1      | Gained mutation: You are partially covered in yellow
                  | scales. (AC +2) [demonic ancestry]
    96 | D:1      | Reached XP level 2. HP: 16/21 MP: 3/3
   836 | D:2      | Gained mutation: Spells you cast may paralyse adjacent
                  | enemies. [demonic ancestry]
   836 | D:2      | Reached XP level 3. HP: 18/26 MP: 4/4
  1177 | D:2      | Gained mutation: You have large cloven feet. [demonic
                  | ancestry]
  1177 | D:2      | Reached XP level 4. HP: 14/32 MP: 5/5
  1803 | D:3      | Found a stormy altar of Qazlal.
  1894 | D:3      | Found a faded altar of an unknown god.
  1902 | D:3      | Prayed at the altar of an unknown god.
  1902 | D:3      | Became a worshipper of Jiyva Jemun the Shapeless
  1902 | D:3      | Reached * piety under Jiyva
  2214 | D:3      | Found a transporter.
  2217 | D:3      | Noticed fly's ghost (weakling DgDe)
  2222 | D:3      | Found a transporter.
  2317 | D:4      | Noticed a phantom
  2339 | D:4      | Killed a phantom
  2340 | D:4      | Reached skill level 5 in Axes
  2340 | D:4      | Gained mutation: Spells you cast may paralyse nearby
                  | enemies. [demonic ancestry]
  2340 | D:4      | Reached XP level 5. HP: 37/37 MP: 6/6
  2358 | D:4      | Found a staircase to the Ecumenical Temple.
  2377 | D:4      | Found a radiant altar of Vehumet.
  2427 | D:4      | Found a sacrificial altar of Ru.
  2429 | D:4      | Found a burning altar of Makhleb.
  2431 | D:4      | Found a blossoming altar of Fedhas.
  2433 | D:4      | Found a snail-covered altar of Cheibriados.
  2480 | D:4      | Reached ** piety under Jiyva
  2873 | D:4      | Found a broken altar of Ashenzari.
  3066 | Temple   | Entered the Ecumenical Temple
  3100 | D:5      | Entered Level 5 of the Dungeon
  3108 | D:5      | Identified the +2 robe of the Shimmering Gods {+Inv rPois
                  | rN+++ Int-3}
  3142 | D:5      | Reached skill level 1 in Unarmed Combat
  3216 | D:5      | Reached XP level 6. HP: 43/43 MP: 7/7
  3262 | D:5      | Noticed Blork the orc
  3279 | D:5      | Killed Blork the orc
  3280 | D:5      | Reached skill level 2 in Maces & Flails
  3327 | D:5      | Reached *** piety under Jiyva
  3396 | D:5      | Noticed a steam dragon
  3404 | D:5      | Killed a steam dragon
  3405 | D:5      | Reached skill level 4 in Maces & Flails
  3405 | D:5      | Gained mutation: You have hoof-like feet. [demonic
                  | ancestry]
  3405 | D:5      | Reached XP level 7. HP: 16/48 MP: 4/8
  3751 | D:6      | Reached skill level 5 in Maces & Flails
  3905 | D:6      | Reached skill level 6 in Maces & Flails
  3914 | D:6      | HP: 1/47 [black bear (3)]
  3916 | D:6      | Reached XP level 8. HP: 3/54 MP: 9/9
  4129 | D:6      | Gained mutation: Armour fits poorly on your pseudopods.
                  | [Jiyva's grace]
  4129 | D:6      | Gained mutation: Armour fits poorly on your large
                  | pseudopods. [Jiyva's grace]
  4129 | D:6      | Gained mutation: Armour fits poorly on your massive
                  | pseudopods. [Jiyva's grace]
  4129 | D:6      | Gained mutation: Your flesh is cold resistant. (rC+)
                  | [Jiyva's grace]
  4464 | D:7      | Reached skill level 7 in Maces & Flails
  4495 | D:7      | Found Rinaset's Jewellery Shop.
  4514 | D:7      | Identified a scroll of acquirement
  4516 | D:7      | HP: 1/54 [something/puff of flame (10)]
  4517 | D:7      | Slain by an orc

Illustrated notes

Levels and vault maps discovered:
D:1:      mrwooster_arrival_statue_2, layout_basic, minmay_heptomino_o4
D:2:      layout_basic, hangedman_decor_growths, minivault_19,
          serial_park_tiny_pond
D:3:      layout_loops_ring, nicolae_qazlal_general_emergency,
          gammafunk_ghost_mausoleum, ebering_ecumenical_altar_box,
          serial_rivers, chequers_serial_rivers_small_b,
          chequers_serial_rivers_small_3, chequers_serial_rivers_micro_d,
          chequers_serial_rivers_large_b
D:4:      layout_loops_corners, mainiacjoe_overflow_alcove_1, minitemple,
          fiery_altar_vehumet, mainiacjoe_overflow_tiny_flanked, temple_green,
          serial_bayou_pond_e
D:5:      layout_basic, uniq_blork_the_orc
D:6:      layout_cave_pools
D:7:      layout_rooms, serial_shops, shop, serial_aquarium,
          aquarium_bridge_straight [aquarium_subvault_bridge,
          aquarium_subvault_balcony, aquarium_subvault_bridge,
          aquarium_subvault_wall], aquarium_window_double, aquarium_window_fake,
          aquarium_window_fake, aquarium_view_2e, aquarium_pool_2,
          gammafunk_ghost_stat_death
Temple:   nicolae_temple_godpark

Skill      XL: |  1  2  3  4  5  6  7  8 |
---------------+-------------------------+-----
Axes           | 3 4 5 |  5.8
Unarmed Combat | 1 |  1.5
Maces & Flails | 4 6 7 |  7.9
Fighting       | |  1.0
Throwing       | |  1.0
Armour         | |  1.0
Shields        | |  1.0
Spellcasting   | |  1.0
Conjurations   | |  2.0

Action                     |  1- 3 |  4- 6 |  7- 9 || total
---------------------------+-------+-------+-------++-------
  Melee: Hand axe          |   100 |   170 |   100 ||   370
         Kick              |       |    38 |    26 ||    64
         Pseudopods        |       |       |     7 ||     7
 Invoke: Oozemancy         |       |     1 |     1 ||     2
    Use: Scroll            |       |       |     2 ||     2
 Armour: Leather armour    |    45 |     7 |       ||    52
         Ring mail         |       |    39 |    55 ||    94
  Dodge: Dodged            |    62 |    68 |    45 ||   175
  Block: Buckler           |    16 |    24 |    19 ||    59

Table legend: (Time is in decaauts)
 A = Elapsed time spent in this place.
 B = Non-inter-level travel time spent in this place.
 C = Inter-level travel time spent in this place.
 D = Time resting spent in this place.
 E = Time spent auto-exploring this place.
 F = Levels seen in this place.
 G = Mean time per level.
                   A        B        C        D        E       F      G
               +--------+--------+--------+--------+--------+-----+--------+
         Total |   4573 |   4370 |    203 |    259 |   3357 |   8 |  571.6 |
       Dungeon |   4571 |   4368 |    203 |    259 |   3357 |   7 |  653.0 |
        Temple |      1 |      1 |      0 |      0 |      0 |   1 |    1.0 |
               +--------+--------+--------+--------+--------+-----+--------+

Top non-repeatable levels by time:
     D:4: 825 daAuts
     D:2: 794 daAuts
     D:3: 767 daAuts
     D:1: 763 daAuts
     D:6: 700 daAuts
     D:5: 633 daAuts
     D:7: 87 daAuts
  Temple: 1 daAuts
